 Dungeon Crawl Stone Soup version 0.25.1-8-g42b30a86e7 (webtiles) character file.

Game seed: 14434888771538056415

6265 Cykl0x the Carver (level 11, -11/84 HPs)
             Began as a Formicid Fighter on Dec 3, 2020.
             Was a Believer of the Shining One.
             Killed from afar by a raiju (14 damage)
             ... with a living lightning
             ... on level 1 of the Abyss.
             The game lasted 00:21:59 (12004 turns).

Cykl0x the Carver (Formicid Fighter)               Turns: 12004, Time: 00:22:01

Health: -11/84     AC: 11    Str: 22    XL:     11   Next: 15%
Magic:  16/16      EV:  8    Int:  9    God:    the Shining One [**....]
Gold:   332        SH: 21    Dex: 11    Spells: 10/10 levels left

rFire    . . .     SeeInvis +   a - +3 long sword
rCold    . . .     Gourm    .   c - +1 kite shield
rNeg     + . .     Faith    .   x - +0 chain mail
rPois    .         Spirit   .   (helmet unavailable)
rElec    .         Reflect  .   m - +0 cloak
rCorr    +         Harm     .   (no gloves)
MR       +....                  (no boots)
Stlth    ..........             (no amulet)
HPRegen  0.24/turn              g - ring of flight
MPRegen  0.15/turn              w - ring of resist corrosion

@: liquid flames, divine shield, glowing
A: permanent stasis, dig shafts and tunnels, four strong arms, antennae 3
a: Dig, Shaft Self, Divine Shield, Renounce Religion, Evoke Flight


You were on level 1 of the Abyss.
You worshipped the Shining One.
The Shining One was pleased with you.
You were not hungry.

You visited 2 branches of the dungeon, and saw 11 of its levels.
You visited the Abyss 1 time.
You also visited: Sewer.

You collected 539 gold pieces.
You spent 207 gold pieces at shops.

Inventory:

Hand Weapons
 a - a +3 long sword (weapon)
 j - a +2 short sword of flaming
Missiles
 e - 466 stones
 p - 2 silver boomerangs
 r - 5 boomerangs (quivered)
 z - 47 poisoned darts
Armour
 b - a +0 scale mail
 c - a +1 kite shield (worn)
 m - a +0 cloak (worn)
 x - a +0 chain mail (worn)
Jewellery
 g - a ring of flight (left hand)
 w - a ring of resist corrosion (right hand)
Wands
 y - a wand of paralysis (7)
 D - a wand of flame (9)
 H - a wand of digging (7)
Scrolls
 h - a scroll of magic mapping
 k - a scroll of fear
 n - 5 scrolls of remove curse
 q - 4 scrolls of identify
 t - a scroll of fog
 A - a scroll of immolation
 C - 2 scrolls of amnesia
 F - a scroll of enchant weapon
Potions
 d - 2 potions of might
 i - a potion of haste
 l - 6 potions of flight
 o - a potion of brilliance {unknown}
 u - a potion of experience {unknown}
 v - a potion of curing
 E - a potion of lignification {unknown}
Comestibles
 f - 21 rations
 G - 3 chunks of flesh


   Skills:
 + Level 7.2 Fighting
 + Level 9.3 Long Blades
 + Level 4.1 Throwing
 + Level 7.3 Armour
 + Level 2.0 Dodging
 - Level 0.3 Stealth
 + Level 8.4 Shields
 * Level 7.9 Invocations


You had 10 spell levels left.
You didn't know any spells.
Your spell library contained the following spells:

 Spells                   Type           Power        Failure   Level  Hunger
 Animate Skeleton         Necr           N/A          97%         1    ##.....
 Pain                     Necr           #...         97%         1    ##.....
 Vampiric Draining        Necr           #.........   100%        3    ####...
 Animate Dead             Necr           N/A          100%        4    #####..
 Agony                    Necr           #.......     100%        5    ######.


Dungeon Overview and Level Annotations

Branches:
Dungeon (10/15)            Temple (1/1) D:4           Sewer (visited)
   Lair: D:8-11         Orc: D:9-12

Altars:
Ashenzari
Cheibriados
Dithmenos
Fedhas
Gozag
Kikubaaqudgha
Makhleb
Nemelex Xobeh
Okawaru
Qazlal
Sif Muna
Trog
Vehumet
Xom
Zin
The Shining One

Shops:
D:6 *

Annotations:
D:4 3 runed translucent doors, Morgoth2127's ghost, amateur DENe
D:7 1 runed translucent door, grovkorv's ghost, novice NaGl
D:10 Psyche


Innate Abilities, Weirdness & Mutations

You cannot be hasted, slowed, berserked, paralysed or teleported.
You can dig through walls and to a lower floor.
Your four strong arms can wield two-handed weapons with a shield.
You have a pair of large antennae on your head. (SInv)


Message History

You feel magically purged.
You are covered in liquid flames!
* * * LOW HITPOINT WARNING * * *
You block the raiju's attack.
You feel better.
You are covered in liquid flames!
* * * LOW HITPOINT WARNING * * *
You block the insubstantial wisp's attack.
The raiju bites you but does no damage. The raiju closely misses you.
You are covered in liquid flames!
* * * LOW HITPOINT WARNING * * *
You extend your mandibles.
You dig through the rock wall.
You are covered in liquid flames!
* * * LOW HITPOINT WARNING * * *
The raiju bursts into living lightning!
The living lightning hits the insubstantial wisp.
The insubstantial wisp completely resists.
The living lightning hits you!
You die...

## #(## .####
..# { {
......#.####
{ #.@#h.# #{
#.#v.†## #
####h..##.#
#.3{##....#
#(..#.#.#.# .
###......#§§#
#
.....#$#..§##
# #
{###.$##.#
....# ##.
..#.# ## .# .


You could see a raiju and an insubstantial wisp.

Vanquished Creatures
  Gastronok (D:10)
  A raiju (Abyss:1)
  A hippogriff (D:9)
  A wyvern (D:9)
  Edmund (D:5)
  An orc warrior (D:9)
  2 sky beasts
  2 black bears
  2 phantoms
  5 ice beasts
  4 centaurs
  2 ogres
  A big kobold (Sewer)
  3 bullfrogs
  A scorpion (D:6)
  13 killer bees
  3 crimson imps
  A centaur zombie (D:5)
  A quasit (D:9)
  3 hounds (D:4)
  An iron imp (Abyss:1)
  An orc priest (D:6)
  Crazy Yiuf (D:4)
  2 jellies
  15 orc wizards
  3 bullfrog skeletons
  2 centaur skeletons
  Ijyb (D:4)
  3 iguanas
  10 worker ants
  A hound zombie (D:6)
  6 gnolls
  12 adders
  A river rat (D:6)
  A shadow imp (D:6)
  An ooze (D:2)
  2 worms (D:2)
  A dart slug (D:1)
  3 leopard geckos
  47 orcs
  10 bats
  9 giant cockroaches
  10 goblins
  6 hobgoblins
  12 jackals
  7 kobolds
  3 quokkas
  8 ball pythons
  A ball python skeleton (D:5)
  5 frilled lizards
  A leopard gecko skeleton (D:4)
  A leopard gecko zombie (D:8)
  A quokka skeleton (D:8)
  12 rats
249 creatures vanquished.

Notes
Turn   | Place    | Note
-------+----------+-------------------------------------------
     0 | D:1      | Cykl0x the Formicid Fighter began the quest for the Orb.
     0 | D:1      | Reached XP level 1. HP: 18/18 MP: 1/1
   157 | D:1      | Reached XP level 2. HP: 23/24 MP: 2/2
   681 | D:1      | Reached XP level 3. HP: 30/30 MP: 3/3
  1115 | D:2      | Reached XP level 4. HP: 15/37 MP: 4/4
  1678 | D:2      | Reached skill level 1 in Throwing
  1705 | D:2      | Reached XP level 5. HP: 14/43 MP: 5/5
  2279 | D:2      | Reached skill level 3 in Long Blades
  2840 | D:3      | Noticed an ice beast
  2859 | D:3      | Killed an ice beast
  2859 | D:3      | Reached XP level 6. HP: 30/49 MP: 6/6
  2979 | D:3      | Found a shadowy altar of Dithmenos.
  3166 | D:3      | Found a radiant altar of Vehumet.
  3166 | D:3      | Found an ancient bone altar of Kikubaaqudgha.
  3167 | D:3      | Found a shimmering blue altar of Sif Muna.
  3172 | D:3      | Identified Kikubaaqudgha's Grimoire of Sinister Secrets
  3414 | D:3      | Reached skill level 1 in Dodging
  3421 | D:3      | Reached skill level 4 in Long Blades
  3431 | D:3      | Reached XP level 7. HP: 17/55 MP: 7/7
  4206 | D:4      | Found a staircase to the Ecumenical Temple.
  4212 | Temple   | Entered the Ecumenical Temple
  4306 | Temple   | Became a worshipper of the Shining One
  4494 | D:4      | Noticed Morgoth2127's ghost (amateur DENe)
  4496 | D:4      | Found a runed translucent gate.
  4496 | D:4      | Found a runed translucent gate.
  4496 | D:4      | Found a runed translucent gate.
  4536 | D:4      | Reached skill level 5 in Fighting
  4536 | D:4      | Reached skill level 1 in Invocations
  4703 | D:4      | Reached skill level 5 in Shields
  4715 | D:4      | Noticed Ijyb
  4731 | D:4      | Killed Ijyb
  4739 | D:4      | Found an iron altar of Okawaru.
  4957 | D:4      | Found a runed translucent door.
  4958 | D:4      | Noticed Crazy Yiuf
  4965 | D:4      | Killed Crazy Yiuf
  5280 | D:5      | Entered Level 5 of the Dungeon
  5312 | D:5      | Reached XP level 8. HP: 62/62 MP: 9/9
  5350 | D:5      | Reached skill level 5 in Armour
  5358 | D:5      | Reached skill level 5 in Long Blades
  5420 | D:5      | Found a glowing silver altar of Zin.
  5572 | D:5      | You fall into a shaft and drop 1 floor!
  6110 | D:6      | Found a glowing drain.
  6138 | Sewer    | Entered a sewer
  6285 | Sewer    | Found a glowing silver altar of Zin.
  6461 | D:5      | Found an opulent altar of Gozag.
  6514 | D:5      | Reached * piety under the Shining One
  6673 | D:5      | Found a stormy altar of Qazlal.
  6756 | D:5      | Found a shattered altar of Ashenzari.
  6859 | D:5      | Noticed Edmund
  6872 | D:5      | Killed Edmund
  6872 | D:5      | Reached skill level 6 in Long Blades
  7184 | D:6      | Found Diesoos's General Store.
  7192 | D:6      | Bought a potion of curing for 39 gold pieces
  7192 | D:6      | Bought a scroll of immolation for 45 gold pieces
  7192 | D:6      | Bought a scroll of vulnerability for 97 gold pieces
  7192 | D:6      | Bought a scroll of identify for 26 gold pieces
  7203 | D:6      | Reached XP level 9. HP: 67/68 MP: 11/11
  7373 | D:6      | Found a shimmering altar of Xom.
  8065 | D:7      | Found a bloodstained altar of Trog.
  8825 | D:7      | Found a runed translucent door.
  8825 | D:7      | Found a shimmering altar of Xom.
  8825 | D:7      | Noticed grovkorv's ghost (novice NaGl)
  8825 | D:7      | Noticed a +1 falchion of chaos
  8952 | D:8      | Reached skill level 5 in Invocations
  9102 | D:8      | Reached skill level 7 in Long Blades
  9407 | D:8      | Reached ** piety under the Shining One
  9500 | D:8      | Reached XP level 10. HP: 76/76 MP: 14/14
 10121 | D:9      | Reached skill level 8 in Long Blades
 10838 | D:10     | Entered Level 10 of the Dungeon
 10851 | D:10     | Noticed Gastronok
 11182 | D:10     | Killed Gastronok
 11182 | D:10     | Reached skill level 9 in Long Blades
 11182 | D:10     | Reached XP level 11. HP: 26/84 MP: 16/16
 11840 | D:10     | Noticed Psyche
 11843 | D:10     | Cast into level 1 of the Abyss (Psyche)
 12004 | Abyss:1  | HP: 3/84 [burnt (8)]
 12004 | Abyss:1  | Killed from afar by a raiju

Illustrated notes

Levels and vault maps discovered:
D:1:      psy_arrival_conway, layout_loops_ring, kennysheep_small_spiral
D:2:      layout_rooms, first_ration, minmay_snake_closets
D:3:      cheibrodos_old_hovel, layout_basic,
          grunt_temple_overflow_magic_moments, nicolae_dithmenos_shadow_blocks
D:4:      layout_loops_ring, nicolae_overflow_hidden_temple,
          minmay_temple_entry_drinking_statues, gammafunk_ghost_split,
          uniq_ijyb, uniq_crazy_yiuf_cottage
D:5:      layout_loops_cross, kennysheep_little_box, lemuel_crystal_altar,
          kennysheep_mini, nicolae_ashenzari_panopticon, uniq_edmund
D:6:      layout_loops_ring, portal_sewer_entry_c, serial_shops,
          nicolae_shop_crystal, xom_teletrap_fun
D:7:      layout_layer_cave, bloody_trog, ebering_ghost_xom
D:8:      layout_loops_corners
D:9:      layout_rooms
D:10:     layout_basic, uniq_gastronok, uniq_harold, uniq_psyche
Temple:   nicolae_temple_figure_eight
Abyss:1:  base: Bailey, hangedman_relentless_pull

Skill      XL: |  1  2  3  4  5  6  7  8  9 10 11 |
---------------+----------------------------------+-----
Fighting       | 4 5 6 7 |  7.2
Throwing       | 1 2 3 4 |  4.1
Armour         | 4 5 6 7 |  7.3
Long Blades    | 3 4 6 7 9 |  9.3
Shields        | 4 5 7 8 |  8.4
Dodging        | 1 2 |  2.0
Invocations    | 2 3 5 7 |  7.9
Stealth        | |  0.3

Action                   |  1- 3 |  4- 6 |  7- 9 | 10-12 || total
-------------------------+-------+-------+-------+-------++-------
Melee: Long sword        |    76 |   195 |   389 |   209 ||   869
Throw: Stone             |    28 |    58 |       |       ||    86
       Boomerang         |       |       |    61 |    38 ||    99
Invok: Divine Shield     |       |       |       |     1 ||     1
 Abil: Dig               |     1 |     2 |     3 |     5 ||    11
       Shaft Self        |       |       |     1 |       ||     1
  Use: Scroll            |     2 |     5 |     9 |     2 ||    18
       Potion            |       |     1 |     1 |     8 ||    10
  Eat: Chunk             |     1 |     8 |    21 |     8 ||    38
Armor: Scale mail        |    33 |    79 |    41 |       ||   153
       Chain mail        |       |       |   100 |    85 ||   185
Dodge: Dodged            |    20 |    69 |   107 |    66 ||   262
Block: Kite shield       |    39 |   109 |   241 |   132 ||   521
       Rpst.: Long sword |     5 |    21 |    27 |    19 ||    72
